 Dungeon Crawl Stone Soup version 0.28-a0-1493-g08698888e4 (webtiles) character file.

Game seed: 7418293508848575281

25 HallandMoats the Skirmisher (level 3, 0/33 HPs)
             Began as a Ghoul Fighter on Jan 12, 2022.
             Was a Follower of Nemelex Xobeh.
             Constricted to death by a ball python (1 damage)
             ... on level 1 of the Dungeon.
             The game lasted 00:00:45 (779 turns).

HallandMoats the Skirmisher (Ghoul Fighter)          Turns: 779, Time: 00:00:46

Health: 0/33       AC:  6    Str: 19    XL:     3   Next: 6%
Magic:  2/2        EV:  6    Int:  5    God:    Nemelex Xobeh [*.....]
Gold:   43         SH:  4    Dex:  8    Spells: 2/2 levels left

rFire   . . .      SeeInvis .   a - +0 war axe
rCold   + . .      Faith    .   c - +0 buckler
rNeg    + + +      Spirit   .   b - +0 scale mail
rPois   ∞          Reflect  .   (no helmet)
rElec   .          Harm     .   (no cloak)
rCorr   .          Rampage  .   (no gloves)
Will    .....                   (no boots)
Stlth   ..........              (no amulet)
HPRegen 0.00/turn               (no ring)
MPRegen 0.08/turn               (no ring)

@: inhibited regen, constricted
A: claws 1, cold resistance 1, negative energy resistance 3, inhibited
regeneration, torment resistance 2
a: Renounce Religion, Draw Escape, Draw Destruction, Draw Summoning


You were on level 1 of the Dungeon.
You worshipped Nemelex Xobeh.
Nemelex Xobeh was aware of your devotion.
You visited 1 branch of the dungeon, and saw 1 of its levels.

You collected 43 gold pieces.

Inventory:

Hand Weapons
 a - a +0 war axe (weapon)
Armour
 b - a +0 scale mail (worn)
 c - a +0 buckler (worn)
Potions
 d - a potion of might
 e - a potion of haste {unknown}
 f - a potion of cancellation {unknown}
 g - a potion of curing {unknown}


   Skills:
 * Level 3.7 Fighting
 * Level 2.3 Axes
 + Level 2.8 Armour
 + Level 0.4 Dodging
 + Level 2.8 Shields


You had 2 spell levels left.
You didn't know any spells.
Your spell library was empty.

Dungeon Overview and Level Annotations

Branches:
Dungeon (1/15)

Altars:
Nemelex Xobeh


Innate Abilities, Weirdness & Mutations

You thrive by killing the living.
You are immune to poison.
You have sharp fingernails.
Your flesh is cold resistant. (rC+)
You are immune to negative energy. (rN+++)
You do not regenerate when monsters are visible.
You are immune to unholy pain and torment.


Message History

The ball python bites you but does no damage.
The ball python constricts you. The goblin hits you but does no damage.
The hobgoblin hits you. The ball python barely misses you.
The ball python constricts you. You block the goblin's attack.
The hobgoblin hits you but does no damage.
The ball python bites you but does no damage.
The ball python constricts you. The goblin barely misses you.
The hobgoblin hits you.
The ball python bites you but does no damage.
The ball python constricts you.
* * * LOW HITPOINT WARNING * * *
The goblin completely misses you. The hobgoblin hits you.
* * * LOW HITPOINT WARNING * * *
You block the ball python's attack. The ball python constricts you.
The goblin hits you but does no damage. The hobgoblin barely misses you.
The ball python bites you but does no damage.
The ball python constricts you. The ball python barely misses you.
The ball python constricts you. The goblin hits you but does no damage.
The hobgoblin hits you.
* * * LOW HITPOINT WARNING * * *
The ball python bites you but does no damage.
The ball python constricts you. The goblin hits you but does no damage.
The hobgoblin hits you.
* * * LOW HITPOINT WARNING * * *
You block the ball python's attack. The ball python constricts you.
The goblin hits you but does no damage.
The hobgoblin hits you but does no damage.
You block the ball python's attack. The ball python constricts you.
You block the goblin's attack.
The hobgoblin hits you but does no damage.
The ball python bites you.
* * * LOW HITPOINT WARNING * * *
The ball python constricts you. The goblin barely misses you.
The hobgoblin barely misses you. The ball python barely misses you.
The ball python constricts you.
The ball python bites you but does no damage.
The ball python constricts you.
You die...
Your body disappears without a glow.

+#........#.#........#
..........#.#.########
..####....###.## #
..####.######..# .##
.......# ##..## #..##
#.####.# #....###....#
.......##...#...#.[.#
#########..###.....#
......###.# ##g@S##
#####..##. #..g..#
.#####.## #[..#...#
...###.## ....###....
....#...#..#..# #..##
....+...#. ##. .##
....#...# .. .#
...###.## .. .#####'#


You could see a hobgoblin, a goblin and a ball python.

Vanquished Creatures
  2 ball pythons (D:1)
  3 bats (D:1)
  2 endoplasms (D:1)
  A giant cockroach (D:1)
  3 goblins (D:1)
  5 hobgoblins (D:1)
  A quokka (D:1)
  2 kobolds (D:1)
  A rat (D:1)
20 creatures vanquished.

Notes
Turn   | Place    | Note
-------+----------+-------------------------------------------
     0 | D:1      | HallandMoats the Ghoul Fighter began the quest for the Orb.
     0 | D:1      | Reached XP level 1. HP: 19/19 MP: 0/0
   195 | D:1      | Reached XP level 2. HP: 19/26 MP: 1/1
   751 | D:1      | Reached XP level 3. HP: 33/33 MP: 2/2
   752 | D:1      | Found a faded altar of an unknown god.
   760 | D:1      | Prayed at the altar of an unknown god.
   760 | D:1      | Became a worshipper of Nemelex Xobeh the Trickster
   760 | D:1      | Reached * piety under Nemelex Xobeh
   778 | D:1      | HP: 1/33 [ball python (1)]
   779 | D:1      | Constricted to death by a ball python

Illustrated notes

Levels and vault maps discovered:
D:1:      dpeg_arrival_three_smaller_balls, layout_basic, serial_corexii_hall,
          corexii_hall_statues_t, chequers_hall_statues_corner_a,
          nicolae_ecumenical_snake_handling, chequers_serial_rivers_small_3

Skill      XL: |  1 |
---------------+----+-----
Axes           | 2 |  2.3
Fighting       | |  3.7
Armour         | |  2.8
Dodging        | |  0.4
Shields        | |  2.8

Action                   || total
-------------------------++-------
Melee: War axe           ||    68
Armor: Scale mail        ||    78
Dodge: Dodged            ||    50
Block: Buckler           ||    18

Table legend: (Time is in decaauts)
 A = Elapsed time spent in this place.
 B = Non-inter-level travel time spent in this place.
 C = Inter-level travel time spent in this place.
 D = Time resting spent in this place.
 E = Time spent auto-exploring this place.
 F = Levels seen in this place.
 G = Mean time per level.
                   A        B        C        D        E       F      G
               +--------+--------+--------+--------+--------+-----+--------+
         Total |    809 |    809 |      0 |      0 |    632 |   1 |  809.0 |
       Dungeon |    809 |    809 |      0 |      0 |    632 |   1 |  809.0 |
               +--------+--------+--------+--------+--------+-----+--------+

Top non-repeatable levels by time:
     D:1: 809 daAuts
